 Dungeon Crawl Stone Soup version 0.29-a0-283-ga02f740833 (webtiles) character file.

Game seed: 2804138884448233910

87 Aksej the Cutter (level 4, 0/35 HPs)
             Began as a Demonspawn Gladiator on Mar 13, 2022.
             Succumbed to Robin's poison
             ... on level 2 of the Dungeon.
             The game lasted 00:02:57 (1821 turns).

Aksej the Cutter (Demonspawn Gladiator)             Turns: 1821, Time: 00:02:58

Health: 0/35       AC: 11    Str: 12 (14) XL:     4   Next: 28%
Magic:  4/4        EV: 12    Int:  9 (10) God:
Gold:   62         SH:  0    Dex: 15 (16) Spells: 3/3 levels left

rFire   . . .      SeeInvis .   a - +0 rapier (protect)
rCold   . . .      Faith    .   (no shield)
rNeg    . . .      Spirit   .   b - +0 leather armour
rPois   .          Reflect  .   c - +0 helmet
rElec   .          Harm     .   (no cloak)
rCorr   .          Rampage  .   (no gloves)
Will    .....                   (no boots)
Stlth   ++........              (no amulet)
HPRegen 0.11/turn               (no ring)
MPRegen 0.18/turn               (no ring)

@: lethally poisoned (0 -> -16), under a protective aura
A: magic regeneration
a: no special abilities


You were on level 2 of the Dungeon.
You visited 1 branch of the dungeon, and saw 2 of its levels.

You collected 62 gold pieces.

Inventory:

Hand Weapons
 a - a +0 rapier of protection (weapon)
Missiles
 e - a javelin (quivered)
Armour
 b - a +0 leather armour (worn)
 c - a +0 helmet (worn)
Scrolls
 f - a scroll of enchant weapon {unknown}
 g - a scroll of magic mapping


   Skills:
 * Level 3.0 Fighting
 + Level 3.3 Short Blades
 + Level 1.9 Throwing
 + Level 0.4 Armour
 + Level 3.1 Dodging
 + Level 1.3 Stealth


You had 3 spell levels left.
You didn't know any spells.
Your spell library was empty.

Dungeon Overview and Level Annotations

Branches:
Dungeon (2/15)

Altars:

Annotations:
D:2 Robin


Innate Abilities, Weirdness & Mutations

You regenerate magic rapidly.


Message History

The goblin closely misses you.
Robin roars a battlecry!
You closely miss the goblin.
The goblin is moderately wounded.
The goblin hits you but does no damage.
You closely miss the goblin.
The goblin is moderately wounded.
The goblin hits you with a +0 club.
Robin roars a battlecry!
You hear a shout!
You barely miss the goblin.
The goblin is moderately wounded.
The goblin hits you with a +0 club.
You puncture the goblin!
You kill the goblin!
You hit Robin but do no damage.
Robin hits you with a +2 dagger of venom.
You are poisoned.
Robin closely misses you.
You hit Robin but do no damage.
You feel very sick. Robin throws something at you!
* * * LOW HITPOINT WARNING * * *
It was a potion of degeneration.
There was something very wrong with that liquid.
You feel weakened.
You feel dopey.
You feel clumsy.
* * * LOW HITPOINT WARNING * * *
You feel sick. Something hits you but does no damage. Robin barely misses you.
You hit Robin.
Robin is lightly wounded.
* * * LOW HITPOINT WARNING * * *
You feel sick. Something hits you but does no damage.
You hit Robin.
Robin is moderately wounded.
* * * LOW HITPOINT WARNING * * *
You feel sick. Something hits you but does no damage.
Robin hits you but does no damage.
You are more poisoned.
You miss something.
You die...

** ####..####.# ##.###### #
,#######'####### #......# #
*#.............# ######.#
,#.............# #.#
,#....)........# #.#
,#...⌠#####⌠...# #########.#
,#...## ##...# #.......#.#
,#...# #..g####.#####.#.#####
,'...# #..gg@{...............
*#...# #...####.#.#[#.#.####.
#...## ##...#.##..###....# ##.
#...⌠#####⌠...#.##...#...#####..
#.............#.###.....## ##...
#.............#..)......# #.#.#
#.............#.##......# ##...
#######'#######.##......# ##)#
#.#####...##......# #.#


You could see Robin, a hobgoblin (strong) and a goblin (strong).

Vanquished Creatures
  Jessica (D:2)
  2 gnolls
  An adder (D:2)
  2 bats
  An endoplasm (D:2)
  9 goblins
  5 hobgoblins
  3 kobolds
  A quokka (D:1)
  2 frilled lizards
  4 rats
31 creatures vanquished.

Notes
Turn   | Place    | Note
-------+----------+-------------------------------------------
     0 | D:1      | Aksej the Demonspawn Gladiator began the quest for the Orb.
     0 | D:1      | Reached XP level 1. HP: 16/16 MP: 1/1
   598 | D:1      | Gained mutation: You regenerate magic rapidly. [demonic
                  | ancestry]
   598 | D:1      | Reached XP level 2. HP: 23/23 MP: 2/2
   662 | D:1      | Found a faded altar of an unknown god.
   954 | D:1      | Reached XP level 3. HP: 7/28 MP: 3/3
  1578 | D:2      | Noticed Jessica
  1586 | D:2      | Killed Jessica
  1587 | D:2      | Reached skill level 1 in Stealth
  1587 | D:2      | Reached XP level 4. HP: 18/35 MP: 4/4
  1778 | D:2      | Noticed Robin
  1821 | D:2      | Succumbed to Robin's poison

Illustrated notes

Levels and vault maps discovered:
D:1:      lightli_arrival_boilingwater, layout_loops_cross,
          shapermc_ecumenical_altar_venn
D:2:      layout_loops_cross, kennysheep_path_1, uniq_crazy_yiuf_cottage,
          uniq_jessica, uniq_robin

Skill      XL: |  1  2  3 |
---------------+----------+-----
Short Blades   | 3 |  3.3
Dodging        | 3 |  3.1
Fighting       | 3 |  3.0
Stealth        | 1 |  1.3
Throwing       | |  1.9
Armour         | |  0.4

Action                   |  1- 3 |  4- 6 || total
-------------------------+-------+-------++-------
Melee: Rapier            |    74 |    29 ||   103
Throw: Throwing net      |     3 |       ||     3
  Use: Scroll            |     4 |       ||     4
       Potion            |       |     1 ||     1
 Stab: Held in net/web   |     1 |       ||     1
       Sleeping          |     1 |       ||     1
       Distracted        |     1 |       ||     1
Armor: Leather armour    |    26 |    16 ||    42
Dodge: Dodged            |    51 |    18 ||    69

Table legend: (Time is in decaauts)
 A = Elapsed time spent in this place.
 B = Non-inter-level travel time spent in this place.
 C = Inter-level travel time spent in this place.
 D = Time resting spent in this place.
 E = Time spent auto-exploring this place.
 F = Levels seen in this place.
 G = Mean time per level.
                   A        B        C        D        E       F      G
               +--------+--------+--------+--------+--------+-----+--------+
         Total |   1831 |   1810 |     21 |      0 |   1529 |   2 |  915.5 |
       Dungeon |   1831 |   1810 |     21 |      0 |   1529 |   2 |  915.5 |
               +--------+--------+--------+--------+--------+-----+--------+

Top non-repeatable levels by time:
     D:1: 1187 daAuts
     D:2: 644 daAuts
